 Dungeon Crawl Stone Soup version 0.32-a0-473-gd044c6f0f0 (webtiles) character file.

Game seed: 5189714180401753380

49 bearlyready the Chopper (level 3, -3/28 (29) HPs)
             Began as a Coglin Monk on Feb 26, 2024.
             Slain by a gnoll
             ... wielding a +2 flail of draining
              (4 damage)
             ... on level 2 of the Dungeon.
             The game lasted 00:03:25 (1102 turns).

bearlyready the Chopper (Coglin Monk)               Turns: 1102, Time: 00:03:25

HP:   -3/28 (29)    AC:  3    Str: 13    XL:     3   Next: 77%
MP:   3/3           EV: 13    Int:  9    God:
Gold: 68            SH:  0    Dex: 16    Spells: 2/2 levels left

rFire   . . .        a - +0 hand axe {Feng}
rCold   . . .        d - orb {light}
rNeg    . . .        b - +0 robe
rPois   .            j - +0 helmet
rElec   .            (no cloak)
rCorr   .            (no gloves)
SInv    .            (no boots)
Will    .....        (no amulet)
Stlth   +            (ring unavailable)
HPRegen 0.24/turn    (ring unavailable)
MPRegen 0.08/turn

%: no passive effects
@: about to teleport, glowing, lightly drained, revving
A: off-hand wielding, slow wielding, warmup strikes, no rings
a: no special abilities


You were on level 2 of the Dungeon.
You visited 1 branch of the dungeon, and saw 2 of its levels.

You collected 68 gold pieces.

Inventory:

Hand Weapons
 a - a +0 hand axe (weapon) {Feng}
Armour
 b - a +0 robe (worn)
 d - an orb of light (worn)
 j - a +0 helmet (worn)
Scrolls
 f - a scroll of revelation {unknown}
 h - a scroll of immolation {unknown}
 k - a scroll of fog {unknown}
Potions
 c - a potion of ambrosia
 e - a potion of invisibility {unknown}
 i - a potion of lignification {unknown}


   Skills:
 - Level 3.0 Fighting
 + Level 4.6 Axes
 - Level 2.6 Dodging


You had 2 spell levels left.
You didn't know any spells.
Your spell library contained the following spells:

 Spells                   Type           Power      Damage    Failure   Level
 Blink                    Tloc           0%         N/A       52%         2
 Lesser Beckoning         Tloc           0%         N/A       52%         2
 Momentum Strike          Conj/Tloc      0%         3d8       52%         2


Dungeon Overview and Level Annotations

Branches:
Dungeon (2/15)

Altars:


Innate Abilities, Weirdness & Mutations

You can wield a second weapon in your off-hand.
It takes a long time for you to wield or remove held weapons.
Your first few attacks do less damage.
Your grasper-arms cannot wear rings.


Message History

The gnoll is severely wounded.
The gnoll hits you with a +0 club.
You hit the gnoll but do no damage.
The gnoll is severely wounded.
The gnoll hits you with a +0 club. x2
You hit the gnoll.
You kill the gnoll!
Things that are here:
a +0 club; a gnoll corpse
There is a stone staircase leading down, spattered with blood here.
You start resting.
HP restored.
There is an escape hatch in the floor here.
You slide downwards.
The hatch slams shut behind you.
The gnoll shouts! x2
The gnoll hits you with a +0 flail!
Okay, then.
Okay, then.
You completely miss the gnoll. You hit the gnoll.
A gnoll comes into view. It is wielding a +0 flail.
The gnoll misses you. The gnoll hits you with a +0 flail.
The gnoll shouts!
You hit the gnoll.
The gnoll is moderately wounded.
You barely miss the gnoll. The gnoll hits you with a +0 flail.
The gnoll misses you.
You hit the gnoll.
The gnoll is severely wounded.
You hit the gnoll but do no damage.
A quokka comes into view.
The gnoll hits you with a +0 flail.
* * * LOW HITPOINT WARNING * * *
The gnoll hits you with a +2 flail of draining.
* * * LOW HITPOINT WARNING * * *
You feel drained.
* * * LOW HITPOINT WARNING * * *
As you read the scroll labelled ETTOTET RUZY, it crumbles to dust.
You feel strangely unstable.
It was a scroll of teleportation.
The gnoll hits you with a +2 flail of draining.
You die...

# #. #.###
#. ##
#.#..
#.##.
..#.# ..g
#.#.#
#g###
#.#.#
#g@.# #
#.#.#
###.#
#..##.#.##
...
#....<....
####
#.......##
##########
# # # #


You could see 3 gnolls.

Vanquished Creatures
  An adder (D:2)
  A gnoll (D:1)
  2 ball pythons (D:1)
  2 bats (D:2)
  2 endoplasms (D:1)
  A giant cockroach (D:1)
  3 goblins (D:1)
  2 hobgoblins (D:1)
  8 jackals (D:1)
  A frilled lizard (D:1)
  4 rats
27 creatures vanquished.

Notes
Turn   | Place    | Note
-------+----------+-------------------------------------------
     0 | D:1      | bearlyready the Coglin Monk began the quest for the Orb.
     0 | D:1      | Reached XP level 1. HP: 18/18 MP: 1/1
    71 | D:1      | Reached XP level 2. HP: 24/24 MP: 2/2
   326 | D:1      | Reached skill level 4 in Axes
   430 | D:1      | Reached XP level 3. HP: 29/29 MP: 3/3
  1101 | D:2      | HP: 1/28 [gnoll/+2 flail of draining (2)]
  1102 | D:2      | Slain by a gnoll

Illustrated notes

Levels and vault maps discovered:
D:1:      dpeg_arrival_shelter, layout_basic, amcnicky_mini_corridor_feature,
          serial_park_tiny_1, hex_medium, st_stairs_10,
          minmay_misc_feat_enclosed
D:2:      layout_loops_ring

Skill      XL: |  1  2 |
---------------+-------+-----
Axes           | 4 |  4.6
Fighting       | |  3.0
Dodging        | |  2.6

Action                     || total
---------------------------++-------
  Melee: Hand axe          ||    90
    Use: Scroll            ||     1
 Armour: Robe              ||    58
  Dodge: Dodged            ||    55

Table legend: (Time is in decaauts)
 A = Elapsed time spent in this place.
 B = Non-inter-level travel time spent in this place.
 C = Inter-level travel time spent in this place.
 D = Time resting spent in this place.
 E = Time spent auto-exploring this place.
 F = Levels seen in this place.
 G = Mean time per level.
                   A        B        C        D        E       F      G
               +--------+--------+--------+--------+--------+-----+--------+
         Total |   1111 |   1087 |     24 |     70 |    786 |   2 |  555.5 |
       Dungeon |   1111 |   1087 |     24 |     70 |    786 |   2 |  555.5 |
               +--------+--------+--------+--------+--------+-----+--------+

Top non-repeatable levels by time:
     D:1: 860 daAuts
     D:2: 251 daAuts
